 Dungeon Crawl Stone Soup version 0.31-a0-196-g86fe4a5e66 (webtiles) character file.

Game seed: 8136758141766876017

436 qw the Skirmisher (level 6, -1/35 HPs)
             Began as a Deep Elf Hunter on June 24, 2023.
             Slain by Duvessa
             ... wielding a +2 short sword of venom
              (8 damage)
             ... on level 4 of the Dungeon.
             The game lasted 00:01:05 (2602 turns).

qw the Skirmisher (Deep Elf Hunter)                 Turns: 2602, Time: 00:01:06

Health: -1/35      AC:  6    Str: 10    XL:     6   Next: 68%
Magic:  8/8        EV: 11    Int: 14    God:
Gold:   173        SH:  0    Dex: 18    Spells: 5/5 levels left

rFire   . . .        Y - +1 shortbow
rCold   . . .        (shield currently unavailable)
rNeg    . . .        c - +0 ring mail
rPois   .            (no helmet)
rElec   .            (no cloak)
rCorr   .            (no gloves)
SInv    .            g - +0 pair of boots
Will    .....        (no amulet)
Stlth   +            (no ring)
HPRegen 0.25/turn    (no ring)
MPRegen 0.11/turn

%: no passive effects
@: lethally poisoned (-1 -> -15)
A: no striking features
a: no special abilities


You were on level 4 of the Dungeon.
You visited 1 branch of the dungeon, and saw 4 of its levels.

You collected 173 gold pieces.


   Skills:
 - Level 2.0 Fighting
 - Level 10.0 Ranged Weapons
 + Level 0.9 Armour
 - Level 3.1 Dodging
 - Level 1.2 Stealth


You had 5 spell levels left.
You didn't know any spells.
Your spell library was empty.

Inventory:

Hand Weapons
 Y - a +1 shortbow (weapon)
Armour
 c - a +0 ring mail (worn)
 g - a +0 pair of boots (worn)
Scrolls
 a - a scroll of identify
 e - a scroll of poison {unknown}
Potions
 b - 2 potions of curing {unknown}
 d - a potion of ambrosia {unknown}
 f - a potion of heal wounds
 h - a potion of cancellation {unknown}
 i - a potion of lignification {unknown}

Dungeon Overview and Level Annotations

Branches:
Dungeon (4/15)
 Temple: D:4-7

Altars:

Shops:
D:1 *

Annotations:
D:4 Dowan, Duvessa


Message History

Enter note:
b - 2 fizzy grey potions (gained 1) Dowan, Brother of Duvessa comes into view.
He is wielding a +0 dagger.
Found an escape hatch in the floor.
Dowan shouts!
Dowan gestures at something while chanting.
Enter note:
Enter note:
Enter note:
Enter note:
Enter note:
Enter note: You shoot an arrow.
The arrow hits Dowan.
Dowan is moderately wounded.
Duvessa, Sister of Dowan comes into view.
She is wielding a +2 short sword of venom and wearing a +3 leather armour of willpower.
You shoot an arrow.
Duvessa shouts!
The arrow hits Duvessa!
Duvessa is moderately wounded.
You shoot an arrow. The arrow hits Duvessa.
Duvessa is heavily wounded.
You shoot an arrow. The arrow closely misses Duvessa.
2598 ||| Stepping ~*~*~tactically~*~*~ (outnumbered).
You shoot an arrow. The arrow hits Duvessa.
Duvessa is heavily wounded.
Duvessa hits you with a +2 short sword of venom.
You shoot an arrow.
The arrow hits Duvessa but does no damage.
Duvessa is heavily wounded.
Duvessa hits you with a +2 short sword of venom!
You are poisoned.
Duvessa hits you with a +2 short sword of venom.
You are lethally poisoned!
You shoot an arrow. The arrow barely misses Duvessa.
You feel extremely sick.
Duvessa hits you with a +2 short sword of venom.
You shoot an arrow. The arrow barely misses Duvessa.
You feel very sick.
Duvessa hits you with a +2 short sword of venom!
You die...

#...###### #.
######.......(.
#>
...)....#######
#e #######.# #.
#.# #. #.# #.
#.#
#e##########.#
#.e@.........#
##############


You could see Duvessa (fast) and Dowan.

Vanquished Creatures
  Sigmund (D:3)
  2 orc priests (D:3)
  2 hounds
  An orc wizard (D:3)
  Jessica (D:2)
  Terence (D:2)
  An adder (D:3)
  2 ufetubi (D:4)
  2 dart slugs
  4 orcs
  4 ball pythons
  5 bats
  3 endoplasms
  3 giant cockroaches
  6 goblins
  5 hobgoblins
  2 quokkas (D:1)
  5 frilled lizards
  5 kobolds
  10 rats
65 creatures vanquished.

Notes
Turn   | Place    | Note
-------+----------+-------------------------------------------
     0 | D:1      | qw the Deep Elf Hunter began the quest for the Orb.
     0 | D:1      | Reached XP level 1. HP: 12/12 MP: 3/3
     0 | D:1      | 0 ||| qw: Version: 0.3-a-9-g12657ce
     0 | D:1      | 0 ||| qw: Game counter: 4853
     0 | D:1      | 0 ||| qw: Always use a shield: true
     0 | D:1      | 0 ||| qw: God list: Okawaru
     0 | D:1      | 0 ||| qw: Allow faded altars: false
     0 | D:1      | 0 ||| qw: Do Orc after D:15 true
     0 | D:1      | 0 ||| qw: Do second Lair branch before Depths: true
     0 | D:1      | 0 ||| qw: Lair rune preference: random
     0 | D:1      | 0 ||| qw: Plans: Normal
     0 | D:1      | 0 ||| PLANNING D:1-11
   203 | D:1      | Reached XP level 2. HP: 16/16 MP: 4/4
   244 | D:1      | Reached skill level 6 in Ranged Weapons
   252 | D:1      | Found Dedgh's Assorted Antiques.
   260 | D:1      | 260 ||| SHOPLISTING 2 scrolls labelled VECLIY MUFEM (34
                  | gold, have 11).
   260 | D:1      | 260 ||| SHOPLISTING fizzy grey potion (15 gold, have 11).
   260 | D:1      | 260 ||| SHOPLISTING glowing scarf (136 gold, have 11).
   260 | D:1      | 260 ||| SHOPLISTING ring mail (68 gold, have 11).
   260 | D:1      | 260 ||| SHOPLISTING scroll labelled MORI LERPHATODGH (17
                  | gold, have 11).
   260 | D:1      | 260 ||| SHOPLISTING scroll labelled VECLIY MUFEM (17 gold,
                  | have 11).
   878 | D:1      | 878 ||| READING scroll labelled NUEH KESIKOEN.
   879 | D:1      | 879 ||| READING scroll labelled MORI LERPHATODGH.
   880 | D:1      | 880 ||| DROPPING scroll of butterflies.
   932 | D:2      | Noticed Jessica
   936 | D:2      | Killed Jessica
   937 | D:2      | Reached skill level 7 in Ranged Weapons
   937 | D:2      | Reached XP level 3. HP: 20/20 MP: 5/5
  1131 | D:2      | Noticed Terence
  1138 | D:2      | Killed Terence
  1139 | D:2      | Reached XP level 4. HP: 25/25 MP: 6/6
  1274 | D:2      | 1274 ||| UPGRADING to +0 pair of boots.
  1279 | D:2      | 1279 ||| UPGRADING to +0 scale mail.
  1289 | D:2      | 1289 ||| DROPPING +0 leather armour.
  1290 | D:2      | 1290 ||| READING 2 scrolls labelled VECLIY MUFEM.
  1291 | D:2      | 1291 ||| READING scroll labelled DATRUTHRUHA.
  1292 | D:2      | 1292 ||| READING scroll labelled JOLIM MUZOBIMP.
  1293 | D:2      | 1293 ||| READING scroll labelled XATTEROISS.
  1412 | D:3      | Reached skill level 8 in Ranged Weapons
  1434 | D:3      | Reached XP level 5. HP: 20/29 MP: 7/7
  1913 | D:3      | Noticed Sigmund
  1930 | D:3      | Killed Sigmund
  1931 | D:3      | Reached skill level 10 in Ranged Weapons
  1931 | D:3      | Reached XP level 6. HP: 23/34 MP: 8/8
  2178 | D:3      | 2178 ||| UPGRADING to +0 ring mail.
  2188 | D:3      | 2188 ||| DROPPING +0 scale mail.
  2189 | D:3      | 2189 ||| READING scroll labelled QUCUECO BUAPOO.
  2190 | D:3      | 2190 ||| DRINKING 2 purple potions.
  2298 | D:4      | 2298 ||| FLEEEEING.
  2299 | D:4      | 2299 ||| FLEEEEING.
  2300 | D:4      | 2300 ||| FLEEEEING.
  2302 | D:4      | 2302 ||| FLEEEEING.
  2303 | D:4      | 2303 ||| FLEEEEING.
  2304 | D:4      | 2304 ||| FLEEEEING.
  2305 | D:4      | 2305 ||| FLEEEEING.
  2306 | D:4      | 2306 ||| FLEEEEING.
  2307 | D:4      | 2307 ||| FLEEEEING.
  2308 | D:4      | 2308 ||| FLEEEEING.
  2309 | D:4      | 2309 ||| FLEEEEING.
  2310 | D:4      | 2310 ||| FLEEEEING.
  2314 | D:4      | 2314 ||| FLEEEEING.
  2319 | D:4      | 2319 ||| FLEEEEING.
  2320 | D:4      | 2320 ||| FLEEEEING.
  2321 | D:4      | 2321 ||| FLEEEEING.
  2322 | D:4      | 2322 ||| FLEEEEING.
  2323 | D:4      | 2323 ||| FLEEEEING.
  2324 | D:4      | 2324 ||| FLEEEEING.
  2325 | D:4      | 2325 ||| FLEEEEING.
  2326 | D:4      | 2326 ||| FLEEEEING.
  2327 | D:4      | 2327 ||| FLEEEEING.
  2328 | D:4      | 2328 ||| FLEEEEING.
  2329 | D:4      | 2329 ||| FLEEEEING.
  2330 | D:4      | 2330 ||| FLEEEEING.
  2331 | D:4      | 2331 ||| FLEEEEING.
  2334 | D:4      | 2334 ||| STAIRDANCE
  2358 | D:4      | 2358 ||| STAIRDANCE
  2525 | D:4      | Reached skill level 3 in Dodging
  2593 | D:4      | Noticed Dowan
  2595 | D:4      | Noticed Duvessa
  2598 | D:4      | 2598 ||| Stepping ~*~*~tactically~*~*~ (outnumbered).
  2602 | D:4      | HP: 7/35 [poisoned by Duvessa]
  2602 | D:4      | Slain by Duvessa

Levels and vault maps discovered:
D:1:      zelgadis_glass_arrival_small, layout_basic, serial_shops,
          nicolae_square_shop
D:2:      layout_basic, uniq_jessica, uniq_terence
D:3:      layout_basic, uniq_sigmund
D:4:      layout_loops_ring, nzn_hepliaklqana_mist_gate, uniq_pikel,
          uniq_duvessa, uniq_natasha

Skill      XL: |  1  2  3  4  5  6 |
---------------+-------------------+-----
Ranged Weapons | 7 8 10 | 10.0
Fighting       | 2 |  2.0
Dodging        | 3 |  3.1
Armour         | |  0.9
Stealth        | |  1.2

Action                     |  1- 3 |  4- 6 || total
---------------------------+-------+-------++-------
   Fire: Shortbow          |    89 |   141 ||   230
    Use: Scroll            |     2 |     5 ||     7
         Potion            |       |     1 ||     1
 Armour: Leather armour    |     2 |       ||     2
         Scale mail        |       |    33 ||    33
         Ring mail         |       |     8 ||     8
  Dodge: Dodged            |    13 |    35 ||    48

Table legend:
 A = Non-vault XP
 B = Vault XP
 C = Vault XP percentage of total XP
 D = Non-vault monster count
 E = Vault monster count
 F = Vault count percentage of total count
                 A         B        C        D         E       F
            +---------+---------+-------+---------+---------+-------
      Total |     327 |     296 |  47.5 |      62 |       3 |   4.6
            +---------+---------+-------+---------+---------+-------
        D:1 |      36 |       0 |   0.0 |      23 |       0 |   0.0
        D:2 |      11 |      73 |  86.9 |       5 |       2 |  28.6
        D:3 |     207 |     223 |  51.9 |      25 |       1 |   3.8
        D:4 |      73 |       0 |   0.0 |       9 |       0 |   0.0
            +---------+---------+-------+---------+---------+-------
